 Dungeon Crawl Stone Soup version 0.24-a0-698-g60d090ba07 (webtiles) character file.

2 Cefor the Sneak (level 1, 9/9 HPs)
             Began as a Spriggan Enchanter on Nov 28, 2018.
             Quit the game on level 1 of the Dungeon on Sept 2, 2022.
             The game lasted 00:03:45 (670 turns).

Cefor the Sneak (Spriggan Enchanter)                 Turns: 670, Time: 00:03:46

Health: 9/9        AC:  2    Str:  4    XL:     1   Next: 33%
Magic:  5/5        EV: 18    Int: 16    God:
Gold:   4          SH:  0    Dex: 16    Spells: 4/5 levels left

rFire    . . .     SeeInvis +   a - +1 dagger
rCold    . . .     Gourm    .   (shield restricted)
rNeg     . . .     Faith    .   b - +0 robe
rPois    .         Spirit   .   (helmet restricted)
rElec    .         Reflect  .   (no cloak)
rCorr    .         Harm     .   (gloves unavailable)
MR       .....                  (boots unavailable)
Stlth    +++.......             (no amulet)
HPRegen  0.03/turn              (no ring)
MPRegen  0.09/turn              (no ring)

@: very quick
A: very small, unfitting armour, see invisible, herbivore, speed 3, slow
metabolism 2
a: no special abilities


You were on level 1 of the Dungeon.
You were not hungry.

You visited 1 branch of the dungeon, and saw 1 of its levels.

You collected 4 gold pieces.

Inventory:

Hand Weapons
 a - a +1 dagger (weapon)
Missiles
 c - 3 stones (quivered)
Armour
 b - a +0 robe (worn)
Comestibles
 d - a ration


   Skills:
 - Level 1.1 Short Blades
 - Level 3.0 Dodging
 + Level 4.6 Stealth
 - Level 2.6 Spellcasting
 + Level 3.7 Hexes


You had 4 spell levels left.
You knew the following spells:

 Your Spells              Type           Power        Failure   Level  Hunger
a - Corona                Hex            ##.....      4%          1    #......

Your spell library contained the following spells:

 Spells                   Type           Power        Failure   Level  Hunger
 Confuse                  Hex            ##......     12%         3    ###....
 Tukima's Dance           Hex            ##......     12%         3    ###....
 Ensorcelled Hibernation  Hex/Ice        #.....       14%         2    ##.....
 Dazzling Spray           Conj/Hex       #.....       26%         3    ###....


Dungeon Overview and Level Annotations

Branches:
Dungeon (1/15)

Altars:


Innate Abilities, Weirdness & Mutations

You are very small and have problems with some larger weapons.
You are too small for most types of armour.
You have supernaturally acute eyesight. (SInv)
You are a herbivore.
You cover ground extremely quickly.
You need to consume almost no food.


Message History

The rat is severely wounded.
The rat closely misses you.
You barely miss the rat.
The rat is severely wounded.
You hit the rat.
You kill the rat!
No target in view!
You see here a rat corpse.
A kobold comes into view. It is wielding a +0 club.
You see here 4 gold pieces.
You now have 4 gold pieces.
Are you sure you want to abandon this character and quit the game? (Confirm with "yes".)
Okay, then.
Saving game... please wait.
Welcome back, Cefor the Spriggan Enchanter.
Press ? for a list of commands and other information.
Welcome back, Cefor the Spriggan Enchanter.
Press ? for a list of commands and other information.
Unknown command.
Are you sure you want to abandon this character and quit the game? (Confirm with "yes".)

...#..................#
.. #..................#
... #.##+#####........)#
....#....#...#.........#
....##.......###........
.............+..........
+#...........##########.
............####....# #.
.......@.##.###..##.# ##
.........+ .##..##..#
..#......# ##....)..##
.........###...#.##..##
..##.....##...##..#...##
.. ....###...###..#.#..#
..... #...## #....##..
.....K #..## #.##.###.
#...## #.##.# ##


You could see a kobold (sleeping).

Vanquished Creatures
  2 kobolds (D:1)
  2 rats (D:1)
4 creatures vanquished.

Notes
Turn   | Place    | Note
-------+----------+-------------------------------------------
     0 | D:1      | Cefor the Spriggan Enchanter began the quest for the Orb.
     0 | D:1      | Reached XP level 1. HP: 9/9 MP: 5/5
   670 | D:1      | Upgraded the game from 0.23-a0-480-g1869896 to
                  | 0.24-a0-698-g60d090ba07
   670 | D:1      | Quit the game

Levels and vault maps discovered:
D:1:      dpeg_chamrin_arrival_tetris, glass_columns_c

Action                   || total
-------------------------++-------
Melee: Dagger            ||    25
 Cast: Corona            ||     3
Armor: Robe              ||     6
Dodge: Dodged            ||    18

Table legend:
 A = Non-vault XP
 B = Vault XP
 C = Vault XP percentage of total XP
 D = Non-vault monster count
 E = Vault monster count
 F = Vault count percentage of total count
                 A         B        C        D         E       F
            +---------+---------+-------+---------+---------+-------
      Total |       4 |       0 |   0.0 |       4 |       0 |   0.0
            +---------+---------+-------+---------+---------+-------
        D:1 |       4 |       0 |   0.0 |       4 |       0 |   0.0
            +---------+---------+-------+---------+---------+-------
